[Event "Late-Titled-Tuesday-Blitz-May-28-2024"]
[Site "Chess.com"]
[Date "2024.05.28"]
[Round "10"]
[White "MeisterJabo"]
[Black "lamomiablanca"]
[Result "1-0"]
[WhiteElo "2507"]
[BlackElo "2615"]
[TimeControl "180+1"]
[EndTime "15:56:48 PDT"]
[Termination "MeisterJabo won on time"]

1. e4 e5 2. Nf3 Nc6 3. Nc3 Nf6 4. Bb5 Bb4 5. O-O O-O 6. d3 Bxc3 7. bxc3 d6 8. Bg5 h6 9. Bh4 Qe7 10. Re1 Nd8 11. d4 c5 12. dxe5 dxe5 13. Bg3 a6 14.
Bc4 Nd7 15. Bd5 Kh8 16. Rb1 Rb8 17. c4 Qf6 18. Qd2 Ne6 19. Nh4 Nf4 20. Nf5 Nxd5 21. cxd5 b5 22. Bh4 g5 23. Bg3 Nb6 24. Ne3 Re8 25.
c4 b4 26. a3 a5 27. axb4 axb4 28. Ra1 Qd6 29. Ra7 Bd7 30. Nf5 Bxf5 31. exf5 Nd7 32. f6 Ra8 33. Rxd7 Qxd7 34. Bxe5 Qf5 35. f4 gxf4 36. Bb2 Rxe1+ 37. Qxe1 f3 38. Qe5 f2+ 39. Kf1 Qxe5 40. Bxe5 b3 41. d6 Kg8 42. Kxf2 Ra2+ 43.
Ke3 b2 44. d7 Ra8 45. Bxb2 Rd8 46. Ba3 Rxd7 47. Bxc5 Rc7 48. Kd4 Kh7 49. Bd6 Ra7 50. c5 Ra1 51. c6 Rc1 52. Bc5 Rd1+ 53. Ke5 Re1+ 54. Kd6 Rd1+ 55. Ke7 Rc1 56. Kd6 Rd1+ 57. Ke5 Re1+ 58. Kd4 Rd1+ 59. Kc4 Rc1+ 60. Kb5 Rb1+ 61. Ka6 Rc1 62. Kb6 Rb1+ 63. Kc7 Rc1 64. Be7 Rc2 65. Kd7 Rd2+ 66. Bd6 Rc2 67. c7 Kg6 68. c8=Q Rxc8 69. Kxc8 Kxf6 70. Kd7 Kf5 71. Ke7 f6 72. g3 h5 73. h4 Kg4 74. Bf4 f5 75. Kf6 1-0

[Event "Late-Titled-Tuesday-Blitz-May-28-2024"]
[Site "Chess.com"]
[Date "2024.05.28"]
[Round "10"]
[White "wonderfultime"]
[Black "Konavets"]
[Result "1-0"]
[WhiteElo "3055"]
[BlackElo "3110"]
[TimeControl "180+1"]
[EndTime "15:56:51 PDT"]
[Termination "wonderfultime won by resignation"]

1. d4 Nf6 2. Nf3 d5 3. Bf4 e6 4. e3 c5 5. c3 Qb6 6. Qc2 Be7 7. Nbd2 O-O 8. Bd3 Bd7 9. a4 a5 10. Ne5 Rc8 11. O-O Be8 12. Bg5 Nc6 13. Qb1 h6 14. Bh4 Nd7 15. Nxd7 Bxd7 16. Bg3 Bf6 17. Nf3 Re8 18. Rd1 Rad8 19. Qc2 Bc8 20. Bb5 Bd7 21. h3 Ne7 22. Bd3 Nc6 23. Ra3 Bc8 24. Rb3 Qa7 25.
Rb5 c4 26. Be2 b6 27. b3 Ba6 28. bxc4 Bxb5 29. cxb5 Ne7 30. e4 dxe4 31. Qxe4 Nf5 32. Bf4 Qa8 33. Qd3 Rc8 34. Ne5 Bxe5 35. Bxe5 Qb7 36.
Bf3 Qd7 37. Be4 Red8 38. Qf3 f6 39. Bf4 Ne7 40. Re1 Nd5 41. Bd2 Rc4 42. Bc2 Rc7 43.
Qg3 Ne7 44. Bb3 Nd5 45. c4 Nb4 46. c5 Nd5 47. c6 Qf7 48. Bxh6 Rcc8 49. Bd2 Re8 50. Qd6 Rcd8 51. Qg3 Nc7 52. Bf4 Nd5 53. Bd6 Rc8 54. h4 Qh5 55. Bd1 Qf7 56. Bg4 Rcd8 57. Ba3 f5 58. Bf3 Nf6 59. Bd6 Nd5 60. Be5 Nf6 61. Rc1 Rc8 62. c7 Re7 63. Rc6 Rd7 64.
Rxb6 Nd5 65. Bxd5 Rxd5 66. Rc6 f4 67. Qxf4 Qxf4 68. Bxf4 Rxd4 69. b6 Rb4 70. Bd6 Rb1+ 71. Kh2 Kf7 72. Be5 Ke7 73. Bxg7 Kd7 74. Rc3 Rxb6 75. h5 Rb4 76. g3 Rxa4 77. h6 Rg4 78. Kg2 Rg6 79. f4 Rxc7 80. Rxc7+ Kxc7 81. Be5+ Kc6 82.
h7 Rh6 83. h8=Q Rxh8 84. Bxh8 1-0

[Event "Late-Titled-Tuesday-Blitz-May-28-2024"]
[Site "Chess.com"]
[Date "2024.05.28"]
[Round "10"]
[White "JaackCamel"]
[Black "gamboajp"]
[Result "1-0"]
[WhiteElo "2233"]
[BlackElo "2057"]
[TimeControl "180+1"]
[EndTime "15:56:51 PDT"]
[Termination "JaackCamel won by checkmate"]

1. d4 e6 2. c4 d5 3. Nc3 c5 4. cxd5 exd5 5. Nf3 Nc6 6. g3 Nf6 7. Bg2 cxd4 8. Nxd4 Bc5 9. Nb3 Bb6 10. O-O d4 11. Nb5 O-O 12. Bxc6 bxc6 13. N5xd4 Bh3 14. Re1 Ne4 15.
Be3 Qf6 16. Qc2 Rfe8 17. Rad1 Rac8 18. Qd3 Rcd8 19. Qc4 Rc8 20. Rd3 Be6 21. Qc1 Bd5 22. Nc2 Bxb3 23. Bxb6 axb6 24. Rf3 Qe6 25. Rxb3 b5 26.
Rf3 c5 27. Ne3 c4 28. Rd1 Red8 29. Nc2 Rxd1+ 30. Qxd1 h6 31. Qd4 Nd6 32. Ne3 b4 33. Kg2 c3 34. bxc3 bxc3 35. Nd5 c2 36. Nf4 c1=Q 37. Nxe6 fxe6 38. Qxd6 Qc6 39. Qxc6 Rxc6 40. Ra3 Rc2 41. Kf3 Kf7 42. h4 Kf6 43. Ra5 Rc3+ 44. e3 Rc2 45. a4 h5 46. Ra7 Rc4 47. a5 g5 48. hxg5+ Kxg5 49. a6 h4 50. gxh4+ Rxh4 51. Re7 Kf6 52. Rb7 Ra4 53. a7 e5 54. Rc7 Kf5 55. Kg3 e4 56. Rh7 Ra6 57. Rh5+ Kg6 58.
Re5 Rxa7 59. Rxe4 Kf5 60. Rf4+ Ke5 61. Kf3 Rg7 62. Rg4 Rf7+ 63. Ke2 Rh7 64. Ra4 Kd5 65.
Ra5+ Ke6 66. f3 Rh2+ 67. Kd3 Rf2 68. Ke4 Rf1 69. Ra6+ Kf7 70. f4 Rb1 71. Rc6 Rb4+ 72. Kf3 Rb5 73. e4 Rb3+ 74. Kg4 Rb1 75. Kf5 Rb5+ 76.
e5 Ra5 77. Rc7+ Ke8 78. Rb7 Ra6 79. Rh7 Kf8 80. Ke4 Kg8 81. Rb7 Kf8 82. f5 Ke8 83. Kf4 Kf8 84. Kg5 Rc6 85. f6 Re6 86. Kf5 Ra6 87.
e6 Ke8 88. Rb8# 1-0

[Event "Late-Titled-Tuesday-Blitz-May-28-2024"]
[Site "Chess.com"]
[Date "2024.05.28"]
[Round "10"]
[White "SaiHanThiha"]
[Black "MusicCityMaster"]
[Result "1/2-1/2"]
[WhiteElo "2522"]
[BlackElo "2402"]
[TimeControl "180+1"]
[EndTime "15:56:54 PDT"]
[Termination "Game drawn - insufficient material"]

1. Nf3 c5 2. g3 b6 3. Bg2 Bb7 4.
c4 Nf6 5. O-O e6 6. b3 Be7 7. Bb2 O-O 8. d4 cxd4 9. Qxd4 d6 10. Nc3 a6 11. e4 Nbd7 12. Rac1 Qc7 13. Rfe1 Rfe8 14. Qe3 Ng4 15. Qe2 Bf6 16. Kh1 Qc5 17. Rf1 Qh5 18. h3 Nge5 19. Nxe5 Qxe2 20. Nxe2 Nxe5 21.
Rcd1 Red8 22. f4 Nc6 23. Bxf6 gxf6 24. Rd2 Kf8 25. Rfd1 Ke7 26. Kg1 e5 27. Kf2 h6 28.
Ke3 Rd7 29. h4 Rg8 30. Kf2 Rdd8 31. Bf3 b5 32. cxb5 axb5 33. Rc1 b4 34. Rdc2 Rc8 35. Ke3 Na5 36. Rc7+ Rxc7 37. Rxc7+ Kf8 38. Bh5 Rg7 39. Rd7 Ke8 40. Rxd6 Ke7 41. Rb6 Rg8 42. Rb5 Ra8 43. fxe5 fxe5 44. Rxe5+ Kd6 45. Rf5 Nc6 46. Rf6+ Kc5 47.
Rxf7 Bc8 48. Nf4 Rxa2 49. Nd3+ Kb6 50. Rf6 Kb5 51. Be8 Bb7 52. Ne5 Rb2 53. Nxc6 Rxb3+ 54. Kf4 Bxc6 55. Rxc6 Ka5 56. Rxh6 Rb1 57. Bf7 Rf1+ 58. Ke5 Rxf7 59. Rh8 Rg7 60. h5 Rxg3 61. h6 b3 62. Kf6 Rf3+ 63. Kg7 Rg3+ 64. Kf7 Rf3+ 65. Ke7 Re3 66. Rb8 Rxe4+ 67. Kf6 Rh4 68. Kg5 Rh3 69. Kg6 Ka4 70. h7 Ka3 71. Kg7 Ka2 72.
h8=Q Rxh8 73. Kxh8 b2 74. Ra8+ Kb3 75. Rb8+ Kc2 76. Rc8+ Kd2 77. Rb8 Kc1 78. Rxb2 Kxb2 1/2-1/2

[Event "Late-Titled-Tuesday-Blitz-May-28-2024"]
[Site "Chess.com"]
[Date "2024.05.28"]
[Round "10"]
[White "carloseduar100"]
[Black "robertoalejandro10"]
[Result "1/2-1/2"]
[WhiteElo "2309"]
[BlackElo "2468"]
[TimeControl "180+1"]
[EndTime "15:57:00 PDT"]
[Termination "Game drawn by repetition"]

1. g3 Nf6 2. Bg2 g6 3. Nf3 Bg7 4. O-O O-O 5. d4 c5 6. d5 d6 7.
c4 Na6 8. Nc3 Nc7 9. Re1 a6 10.
e4 Rb8 11. e5 Nfe8 12. exd6 Nxd6 13. Qe2 Re8 14. Ne5 Bd7 15. b3 b5 16. Bf4 bxc4 17.
bxc4 Rb4 18. a3 Rb3 19. Qc2 Rb8 20. Rab1 Rxb1 21. Qxb1 h6 22. h4 Bf5 23. Qb6 Na8 24.
Qxa6 Qb6 25. Qxb6 Nxb6 26. Nb5 Nbxc4 27. Nxd6 exd6 28. Nxc4 Rxe1+ 29. Kh2 Bd4 30. Nxd6 Bxf2 31. Nxf5 gxf5 32. d6 Rd1 33. a4 c4 34. Bc6 c3 35. a5 c2 36. d7 Bc5 37. Ba4 Bb4 38. Bxc2 Rxd7 39. a6 Ra7 40. Bd3 Bc5 41. Bxh6 Rd7 42.
Bb5 Rd6 43. Bf4 Rb6 44. Bd3 Rb2+ 45. Kh3 Ra2 46. Bb8 Ra5 47. h5 Ra3 48. Bxf5 Rxa6 49. Bf4 Bf8 50. g4 Bh6 51. Bxh6 Rxh6 52. Kh4 Rb6 53.
Kg5 Kg7 54. Kf4 f6 55. Be4 Kh6 56. Bf5 Kg7 57. Ke4 Rb4+ 58. Kd5 Rb6 59. Kc5 Ra6 60. Kd5 Kh6 61. Ke4 Kg5 62. Kd5 Ra5+ 63. Ke6 Ra6+ 64.
Kf7 Ra7+ 65. Ke8 Ra8+ 66. Ke7 Ra7+ 67. Bd7 Rb7 68. Kd6 Rb6+ 69. Ke7 Rb4 70. Bf5 Rf4 71. Kf7 Rb4 72. Ke7 Ra4 73. Kd6 Ra6+ 74. Kd5 Ra5+ 75.
Ke6 Re5+ 76. Kf7 Ra5 77. Ke6 1/2-1/2

[Event "Late-Titled-Tuesday-Blitz-May-28-2024"]
[Site "Chess.com"]
[Date "2024.05.28"]
[Round "10"]
[White "Abund"]
[Black "Msb2"]
[Result "1/2-1/2"]
[WhiteElo "2837"]
[BlackElo "3035"]
[TimeControl "180+1"]
[EndTime "15:57:08 PDT"]
[Termination "Game drawn - insufficient material"]

1. e4 e6 2. d4 d5 3. Nd2 c5 4. Ngf3 Nf6 5. exd5 Nxd5 6. dxc5 Bxc5 7. Ne4 Be7 8. c3 O-O 9. Bd3 b6 10. Qe2 Bb7 11. O-O Nd7 12. Rd1 Qc7 13. Ba6 h6 14. Bxb7 Qxb7 15. c4 N5f6 16. Nc3 Rfd8 17. b3 Nf8 18.
Ne5 Rxd1+ 19. Nxd1 Rd8 20. Bb2 Bc5 21. Nd3 Bd4 22. Bxd4 Rxd4 23. Ne3 Ng6 24. Rd1 Qd7 25. Ne1 Ne4 26. Qc2 Nd2 27. h3 Nf4 28. Kh1 h5 29.
Qb2 e5 30. N3c2 Re4 31. Nf3 Re2 32. Qc3 Ne4 33. Rxd7 Nxc3 34. Ne3 f6 35. Nf5 Rxf2 36. Rxg7+ Kf8 37. N3h4 Ne4 38. Kh2 Rxa2 39. Rh7 a5 40.
Rb7 Rb2 41. Rxb6 a4 42. b4 a3 43. Ra6 a2 44. c5 Nf2 45. c6 Rb1 46. Rxa2 Rh1+ 47. Kg3 Ne4+ 48. Kf3 Ng5+ 49. Ke3 Rc1 50. b5 Nd5+ 51. Kd3 Rc3+ 52. Kd2 Rc5 53. Rb2 Nb6 54. Ke2 Ne6 55. Ne3 Nd4+ 56. Kf2 Nxb5 57. Nhf5 Na4 58.
Ra2 Nac3 59. Ra8+ Kf7 60. Nh6+ Kg6 61. Nef5 h4 62. Rg8+ Kh5 63. Nf7 Rxc6 64. Ng7+ Kg6 65. Nd8 Kh7 66. Nxc6 Kxg8 67. Nh5 Kf7 68. g3 Ne4+ 69.
Kf3 Nxg3 70. Nxg3 hxg3 71. Kxg3 Nd6 72. Kf3 Ke6 73. h4 Nf5 74. Kg4 Ne7 75. Nb4 Kf7 76.
Nd3 Kg6 77. Nf2 f5+ 78. Kg3 Kh5 79. Nd3 Ng6 80. Nxe5 Nxe5 81. Kf4 Kxh4 82. Kxf5 1/2-1/2

[Event "Late-Titled-Tuesday-Blitz-May-28-2024"]
[Site "Chess.com"]
[Date "2024.05.28"]
[Round "10"]
[White "Cambek64"]
[Black "andrew-blr"]
[Result "0-1"]
[WhiteElo "2525"]
[BlackElo "2643"]
[TimeControl "180+1"]
[EndTime "15:57:17 PDT"]
[Termination "andrew-blr won by resignation"]

1. e3 d5 2. d4 Nf6 3. c4 e6 4. Nc3 c5 5. Nf3 a6 6. a3 dxc4 7. Bxc4 b5 8. Bb3 Bb7 9. O-O Nbd7 10. Qe2 Bd6 11. Rd1 Qc7 12. h3 O-O 13. e4 cxd4 14. Nxd4 Nc5 15. Bc2 Be5 16. f3 Bh2+ 17.
Kf1 Nh5 18. Qf2 Ng3+ 19. Ke1 Ngxe4 20. Qe3 Bg3+ 21. Kf1 Bf2 22. Qf4 Qxf4 23. Bxf4 Bxd4 24. Rxd4 Nxc3 25. bxc3 Rfc8 26. c4 bxc4 27. Rxc4 Bd5 28.
Rc3 f6 29. Rb1 e5 30. Be3 Ne6 31. Rxc8+ Rxc8 32. Bb3 Bxb3 33. Rxb3 Rc6 34. a4 Nc7 35. Ke1 Kf7 36. Kd2 Ke6 37. Rb7 g5 38. a5 h5 39.
Bb6 Nd5 40. g3 Nxb6 41. axb6 Kf5 42. Rb8 g4 43. fxg4+ hxg4 44. h4 Ke4 45. h5 f5 46. h6 Rxh6 47. b7 Rb6 48. Ke2 a5 49.
Kd2 a4 50. Ra8 Rxb7 51. Rxa4+ Kd5 52. Ke3 Rb3+ 53. Kf2 Rb2+ 54. Kf1 Ke6 55. Ra6+ Kf7 56. Rd6 Rb3 57. Kg2 f4 58. gxf4 exf4 59. Rd4 Rf3 60.
Ra4 Kg6 61. Ra6+ Kg5 62. Ra5+ Kh4 63. Ra8 Rg3+ 64. Kh2 Rh3+ 65. Kg2 f3+ 66. Kg1 Kg3 67. Ra1 Rh7 68. Rb1 Rc7 69. Rf1 Kf4 70. Rd1 Rc4 71. Ra1 g3 72. Rb1 Ke3 73. Rb3+ Ke2 74. Rb2+ Kd3 75.
Rb3+ Rc3 76. Rb1 Kd2 0-1

[Event "Late-Titled-Tuesday-Blitz-May-28-2024"]
[Site "Chess.com"]
[Date "2024.05.28"]
[Round "10"]
[White "emeli_chess"]
[Black "rdarruda"]
[Result "1/2-1/2"]
[WhiteElo "2421"]
[BlackElo "2542"]
[TimeControl "180+1"]
[EndTime "15:57:28 PDT"]
[Termination "Game drawn - timeout vs insufficient material"]

1. d4 Nf6 2. c4 e5 3. dxe5 Ne4 4. Nf3 Nc6 5. e3 d6 6. Be2 dxe5 7. Qxd8+ Kxd8 8. O-O f6 9. Rd1+ Ke8 10. Nfd2 Nc5 11.
Nc3 Kf7 12. Nd5 Ne6 13. a3 a5 14. b3 Bd7 15. Ne4 Be8 16. Bd2 h6 17. Bh5+ g6 18.
Be2 Bg7 19. b4 f5 20. Nec3 e4 21. c5 Ne5 22. Rab1 Bd7 23. Be1 axb4 24. axb4 Rhd8 25. Nb5 Bxb5 26. Bxb5 c6 27. Nb6 cxb5 28. Nxa8 Rxa8 29. Bc3 Nf8 30. Ra1 Rb8 31. Kf1 Nc6 32. Bxg7 Kxg7 33. Rd6 Nxb4 34. Rb6 Nc6 35. Rxb5 Nd7 36. Rab1 Nd8 37. c6 Nxc6 38. Rxb7 Rxb7 39. Rxb7 Ne5 40. f4 exf3 41. gxf3 Kf8 42. f4 Nc5 43. Rb8+ Ke7 44.
fxe5 Nd3 45. Rb7+ Ke6 46. Rb6+ Kf7 47. Rf6+ Kg7 48. Re6 Kf7 49. Rf6+ Kg7 50. Ra6 Nxe5 51. h3 h5 52. Kf2 Kh6 53. Kg3 Nd3 54. Ra5 Nb4 55.
Kf4 Nd3+ 56. Kf3 Nb4 57. Ra4 Nc6 58. Ra6 Ne5+ 59. Kf4 Nd3+ 60. Kf3 Ne5+ 61. Kf4 Nd3+ 62. Kg3 Ne5 63. h4 Nd3 64. Kf3 Ne5+ 65. Kf4 Nd3+ 66. Kg3 Ne5 67. Ra7 Nd3 68. Rd7 Ne5 69. Rd5 Nc4 70.
Kf4 Nb6 71. Rd6 Nc4 72. Ra6 Nd2 73. Kg3 Ne4+ 74. Kf4 Nf2 75. Kg3 Ne4+ 76. Kf4 Nf2 77. Ra8 Nd3+ 78. Kg3 Nc5 79. Ra5 Ne4+ 80. Kf4 Nf6 81.
Ra6 Ng4 82. e4 fxe4 83. Kxe4 Nf2+ 84. Kf4 Ng4 85. Rb6 Nf2 86. Ke5 Ng4+ 87. Ke6 Ne3 88. Kf7 Nf5 89. Rxg6+ Kh7 90. Rg5 Nd6+ 91. Ke6 Ne8 92.
Rxh5+ Kg6 93. Rg5+ Kh6 94. Kf7 Ng7 1/2-1/2

[Event "Late-Titled-Tuesday-Blitz-May-28-2024"]
[Site "Chess.com"]
[Date "2024.05.28"]
[Round "10"]
[White "Tibmat"]
[Black "jaskol95"]
[Result "1/2-1/2"]
[WhiteElo "2666"]
[BlackElo "2554"]
[TimeControl "180+1"]
[EndTime "15:58:00 PDT"]
[Termination "Game drawn by repetition"]

1. c4 c6 2. g3 d5 3. Nf3 Nf6 4. Bg2 e6 5. O-O Be7 6. d4 b6 7.
Qc2 Bb7 8. Nbd2 Nbd7 9. e4 dxe4 10. Nxe4 Nxe4 11. Qxe4 Nf6 12. Qc2 c5 13. dxc5 Bxc5 14.
Rd1 Qc8 15. b4 Be7 16. Bb2 O-O 17. Ng5 g6 18. a3 Bxg2 19. Kxg2 Qc6+ 20. Nf3 Rac8 21.
Rac1 Ne4 22. h4 Bf6 23. Bxf6 Nxf6 24. Qe2 h5 25. Kg1 Qe4 26. Qxe4 Nxe4 27. Ne5 Rfd8 28. Rxd8+ Rxd8 29. Nc6 Rd3 30. a4 Nc3 31. Kf1 Nxa4 32. Nxa7 Rb3 33. c5 bxc5 34. bxc5 Rb7 35. c6 Rxa7 36. c7 Nb6 37. c8=Q+ Nxc8 38. Rxc8+ Kg7 39. Kg2 Ra3 40. Rc4 Kf6 41. Rf4+ Ke7 42. Rb4 Kf8 43. Rb7 Kg7 44. Rc7 Kf6 45. Rb7 Ra8 46. Rc7 Re8 47. Rb7 e5 48. Rb6+ Re6 49. Rb5 Kg7 50. Ra5 f5 51.
Ra7+ Kf6 52. Ra8 Rb6 53. Rf8+ Ke6 54. Re8+ Kd5 55. Rd8+ Ke4 56. Ra8 f4 57. gxf4 Kxf4 58. Re8 Kg4 59. Rxe5 Kxh4 60. Re4+ Kg5 61. Re5+ Kf4 62.
Ra5 Re6 63. Ra4+ Kf5 64. Ra5+ Re5 65. Ra6 g5 66. Ra4 h4 67. Ra8 Kf4 68. Rf8+ Kg4 69. Ra8 Rf5 70. Ra4+ Rf4 71. Ra3 h3+ 72. Kg1 Rc4 73.
Rg3+ Kh4 74. Kh2 g4 75. Rd3 Rf4 76. Kg1 Ra4 77. Rd8 Ra5 78. Rh8+ Rh5 79. Rg8 Rf5 80.
Rh8+ Kg5 81. Rb8 Re5 82. Kh2 Rc5 83. Rb3 Rf5 84. Kg1 Kf4 85. Rb4+ Kf3 86. Rb3+ Kf4 87. Rb4+ Kg5 88. Rb8 Rf6 89. Rg8+ Rg6 90. Rd8 Kh4 91. Rh8+ Kg5 92. Rd8 Kf4 93. Rd4+ Kf3 94. Rd3+ Ke2 95.
Ra3 Rd6 96. Ra2+ Rd2 97. Ra4 Rd1+ 98. Kh2 Kf3 99. Ra3+ Kxf2 100. Ra2+ Kf3 101. Ra3+ Ke4 102. Ra4+ Rd4 103. Ra8 Kf4 104. Rf8+ Ke3 105. Kg3 Re4 106. Ra8 Ke2 107. Ra2+ Kf1 108. Ra1+ Re1 109. Ra2 Kg1 110. Rb2 h2 111. Rg2+ Kf1 112. Rf2+ Kg1 113. Rg2+ Kh1 114. Rxh2+ Kg1 115.
Rg2+ Kf1 116. Rf2+ Kg1 117. Rg2+ Kh1 118. Rh2+ Kg1 119. Rg2+ 1/2-1/2

[Event "Late-Titled-Tuesday-Blitz-May-28-2024"]
[Site "Chess.com"]
[Date "2024.05.28"]
[Round "11"]
[White "TokChess"]
[Black "kalinchick"]
[Result "0-1"]
[WhiteElo "2470"]
[BlackElo "2386"]
[TimeControl "180+1"]
[EndTime "16:00:30 PDT"]
[Termination "kalinchick won by resignation"]

1. e4 e6 2. d4 d5 3. Nd2 dxe4 4. Nxe4 Nd7 5. Nf3 Ngf6 6. Nxf6+ Nxf6 7. Bd3 Be7 8. O-O O-O 9. Qe2 b6 10. b3 Bb7 11.
Bb2 Bd6 12. Rad1 Nd5 13. Qe4 f5 14. Qxe6+ Kh8 15. Ne5 Nf4 16. Nf7+ Rxf7 17. Qxf7 Qg5 0-1

[Event "Late-Titled-Tuesday-Blitz-May-28-2024"]
[Site "Chess.com"]
[Date "2024.05.28"]
[Round "11"]
[White "Maect19"]
[Black "VirtualCoach"]
[Result "1-0"]
[WhiteElo "2299"]
[BlackElo "2189"]
[TimeControl "180+1"]
[EndTime "16:01:16 PDT"]
[Termination "Maect19 won by resignation"]

1. Nf3 c5 2. c4 Nc6 3. Nc3 Nf6 4.
g3 d5 5. cxd5 Nxd5 6. Nxd5 Qxd5 7. Bg2 g6 8. d3 Bg7 9. O-O O-O 10. Be3 b6 11. Nd4 Qxg2+ 12. Kxg2 cxd4 13. Bd2 Bb7 14. f3 e5 15. Rc1 Rac8 16. Qa4 Na5 17. Rxc8 Rxc8 18. Rc1 Rd8 19. Rc7 Ba8 20. Bxa5 bxa5 21.
Qxa5 Bf6 22. Rxa7 Bd5 23. b4 Rc8 24. Qxd5 1-0

[Event "Late-Titled-Tuesday-Blitz-May-28-2024"]
[Site "Chess.com"]
[Date "2024.05.28"]
[Round "11"]
[White "Zorbos"]
[Black "rasmussvane"]
[Result "0-1"]
[WhiteElo "2732"]
[BlackElo "2921"]
[TimeControl "180+1"]
[EndTime "16:01:32 PDT"]
[Termination "rasmussvane won by resignation"]

1. e4 c6 2. Nc3 d5 3. Nf3 dxe4 4. Nxe4 Nf6 5. Qe2 Nxe4 6. Qxe4 Qa5 7. Bc4 Bf5 8. Qe2 e6 9. O-O Be7 10. d4 O-O 11. c3 Re8 12. b4 Qc7 13. Bd2 Nd7 14.
Bd3 Bxd3 15. Qxd3 Rad8 16. a4 Bd6 17. Ng5 Nf6 18. Qh3 e5 19. dxe5 Bxe5 20. Be1 c5 21. b5 c4 22. Nf3 Rd3 23. Qf5 g6 24.
Qg5 Ne4 25. Qh4 Bf6 26. Qh6 Bg7 27. Qh4 Nxc3 28. Bxc3 Rxc3 29. Rac1 Rxc1 30. Rxc1 0-1

[Event "Late-Titled-Tuesday-Blitz-May-28-2024"]
[Site "Chess.com"]
[Date "2024.05.28"]
[Round "11"]
[White "Qvalda"]
[Black "toninhojit"]
[Result "1-0"]
[WhiteElo "2403"]
[BlackElo "2524"]
[TimeControl "180+1"]
[EndTime "16:01:36 PDT"]
[Termination "Qvalda won by resignation"]

1. d4 Nf6 2. c4 c5 3. d5 e6 4. Nc3 exd5 5. cxd5 d6 6. Nf3 g6 7.
Bf4 Bg7 8. h3 O-O 9. e3 a6 10.
a4 Re8 11. Be2 Bf5 12. Nd2 Qa5 13. O-O Ne4 14. Nc4 Nxc3 15. bxc3 Qxc3 16. Rc1 Qb4 17. Nxd6 Rd8 18. Nxf5 gxf5 19. Rb1 Qa5 20. Rxb7 Nd7 21. Bc7 Qc3 22. Bxd8 Rxd8 23. Qd3 Qe5 24. Bf3 Qd6 25.
Rfb1 c4 26. Qxc4 Ne5 27. Qf4 Bh6 28. Qxf5 1-0

[Event "Late-Titled-Tuesday-Blitz-May-28-2024"]
[Site "Chess.com"]
[Date "2024.05.28"]
[Round "11"]
[White "Kostukov_Alex"]
[Black "gxbg2000"]
[Result "1-0"]
[WhiteElo "2372"]
[BlackElo "2028"]
[TimeControl "180+1"]
[EndTime "16:02:27 PDT"]
[Termination "Kostukov_Alex won by resignation"]

1. g3 d5 2. Bg2 c6 3. d3 e5 4.
e4 d4 5. f4 f6 6. fxe5 Nd7 7.
exf6 Ngxf6 8. Nf3 c5 9. O-O Bd6 10. Na3 O-O 11. Nc4 Bc7 12. a4 a6 13. a5 Qe7 14. Bf4 Bxf4 15. gxf4 Ng4 16. Qd2 Rb8 17. h3 Nh6 18. f5 Nf7 19. Qf4 Re8 20. Rae1 Nfe5 21. Nfxe5 Nxe5 22. Nxe5 Qxe5 23. Qxe5 Rxe5 24. b3 Bd7 25. Kf2 Kf7 26. Kg3 Rbe8 27. Bf3 c4 28. Bh5+ Kf6 29. Bxe8 Bxe8 30. b4 c3 31. Kf4 Ba4 32. Re2 Rb5 33. Rb1 Re5 34. Rg2 Bc6 35. Rxg7 Rxf5+ 36. exf5 Kxg7 37. Ke5 Bg2 38. Rg1 1-0

[Event "Late-Titled-Tuesday-Blitz-May-28-2024"]
[Site "Chess.com"]
[Date "2024.05.28"]
[Round "11"]
[White "ReadySkate"]
[Black "Slovak_fighter2000"]
[Result "0-1"]
[WhiteElo "2689"]
[BlackElo "2574"]
[TimeControl "180+1"]
[EndTime "16:02:28 PDT"]
[Termination "Slovak_fighter2000 won by resignation"]

1. d4 d5 2. c4 c6 3. Nf3 Nf6 4. Nc3 e6 5. e3 Nbd7 6. Qc2 a6 7.
Bd3 dxc4 8. Bxc4 b5 9. Bd3 Bb7 10. O-O c5 11. Be2 Be7 12. Rd1 Qb6 13. a4 b4 14. a5 Qc7 15. Na4 Be4 16. Qb3 Rc8 17.
Bd2 c4 18. Bxc4 Qxc4 19. Qxc4 Rxc4 20. b3 Rc8 21. Rdc1 O-O 22. Nb6 Nxb6 23. axb6 Rxc1+ 24. Rxc1 Rb8 25. Rc7 Bf8 26. Ne5 Bd5 27. Rxf7 Bxb3 28.
Ra7 Rxb6 29. Ra8 Bd5 30. Bc1 Bxa8 0-1

[Event "Late-Titled-Tuesday-Blitz-May-28-2024"]
[Site "Chess.com"]
[Date "2024.05.28"]
[Round "11"]
[White "attack2mateU"]
[Black "Valiyev_Shahin"]
[Result "1-0"]
[WhiteElo "2724"]
[BlackElo "2580"]
[TimeControl "180+1"]
[EndTime "16:02:33 PDT"]
[Termination "attack2mateU won by resignation"]

1. e4 c5 2. Nf3 d6 3. d4 cxd4 4.
Nxd4 Nf6 5. Nc3 a6 6. Be3 e5 7.
Nb3 Be7 8. h3 Be6 9. Qf3 O-O 10.
O-O-O b5 11. g4 b4 12. Nd5 Nxd5 13. exd5 Bc8 14. Kb1 a5 15. Nd2 a4 16. Bd3 Ba6 17.
Bf5 Nd7 18. Ne4 b3 19. cxb3 axb3 20. a3 g6 21. Bxd7 Qxd7 22. Nf6+ Bxf6 23. Qxf6 Rfc8 24. Bh6 1-0

[Event "Late-Titled-Tuesday-Blitz-May-28-2024"]
[Site "Chess.com"]
[Date "2024.05.28"]
[Round "11"]
[White "Bryanl106"]
[Black "KNVB"]
[Result "1-0"]
[WhiteElo "2720"]
[BlackElo "2777"]
[TimeControl "180+1"]
[EndTime "16:02:44 PDT"]
[Termination "Bryanl106 won by resignation"]

1. e4 e5 2. Nf3 Nc6 3. Nc3 Nge7 4.
d4 Ng6 5. d5 Nb8 6. h4 h5 7.
Bg5 Be7 8. d6 cxd6 9. Bxe7 Kxe7 10. Bc4 Nf4 11. g3 Ne6 12. Qd2 Qa5 13. Nd5+ Qxd5 14. Bxd5 Nc6 15. O-O-O Rd8 16. Bxe6 dxe6 17. Qg5+ Kf8 18. Qxh5 g6 19. Qh7 Ke7 20. Ng5 Rf8 21.
Qg7 Bd7 22. Nh7 Rg8 23. Qf6+ Ke8 24. Rxd6 Rc8 25. Rhd1 Rc7 26. Qg5 Rh8 27. Nf6+ 1-0

[Event "Late-Titled-Tuesday-Blitz-May-28-2024"]
[Site "Chess.com"]
[Date "2024.05.28"]
[Round "11"]
[White "GarayevKanan"]
[Black "BogdanDeac"]
[Result "0-1"]
[WhiteElo "2733"]
[BlackElo "3064"]
[TimeControl "180+1"]
[EndTime "16:02:47 PDT"]
[Termination "BogdanDeac won by resignation"]

1. c4 e6 2. d4 Nf6 3. g3 d5 4.
Bg2 dxc4 5. Nf3 Nc6 6. O-O Rb8 7.
Qc2 b5 8. a4 a6 9. b3 Nb4 10. Qb2 cxb3 11. Qxb3 Be7 12. Nc3 O-O 13. axb5 axb5 14. e4 c6 15. Rd1 Bb7 16. Bf4 Ra8 17.
Ne5 Rxa1 18. Rxa1 Qxd4 19. Rd1 Qb6 20. Be3 Qc7 21. Bf4 Qc8 22. g4 Rd8 23. Rc1 Nd7 24.
Nxb5 Nxe5 25. Bxe5 Nd3 26. Na7 Nxc1 27. Qc2 Qa8 0-1

[Event "Late-Titled-Tuesday-Blitz-May-28-2024"]
[Site "Chess.com"]
[Date "2024.05.28"]
[Round "11"]
[White "wild3000"]
[Black "Felix-Rose"]
[Result "1/2-1/2"]
[WhiteElo "2370"]
[BlackElo "2300"]
[TimeControl "180+1"]
[EndTime "16:02:52 PDT"]
[Termination "Game drawn by repetition"]

1. a3 e5 2. b4 d5 3. Bb2 Bd6 4. e3 Nf6 5. c4 c6 6. Nf3 Qe7 7. Nc3 O-O 8. cxd5 cxd5 9. Nb5 Nc6 10. Nxd6 Qxd6 11. b5 e4 12. bxc6 exf3 13. gxf3 bxc6 14. Qc2 Rb8 15. Bd3 Bh3 16. f4 Bg2 17. Rg1 Be4 18. Be5 Qe6 19. Bxe4 dxe4 20. Bxb8 Rxb8 21. Rb1 Rxb1+ 22. Qxb1 h5 23. Qb8+ Kh7 24. Qe5 Qa2 25.
Rg5 Qb1+ 26. Ke2 Qd3+ 27. Kd1 Qb1+ 28. Ke2 Qd3+ 29. Ke1 Qb1+ 30. Ke2 1/2-1/2

[Event "Late-Titled-Tuesday-Blitz-May-28-2024"]
[Site "Chess.com"]
[Date "2024.05.28"]
[Round "11"]
[White "BenchGM"]
[Black "Romkachess"]
[Result "1-0"]
[WhiteElo "2257"]
[BlackElo "2535"]
[TimeControl "180+1"]
[EndTime "16:02:55 PDT"]
[Termination "BenchGM won on time"]

1. d4 Nf6 2. Nf3 e6 3. Bg5 Be7 4. e3 c5 5. c3 Nc6 6. Bd3 Qb6 7. Qc1 h6 8. Bf4 Bd8 9. Nbd2 d5 10. O-O O-O 11. Re1 cxd4 12. exd4 Bc7 13. Ne5 Nd7 14. Ndf3 Ndxe5 15. Nxe5 Nxe5 16. dxe5 f5 17. Bxh6 1-0

[Event "Late-Titled-Tuesday-Blitz-May-28-2024"]
[Site "Chess.com"]
[Date "2024.05.28"]
[Round "11"]
[White "Kombinator01"]
[Black "Tol_Tol"]
[Result "0-1"]
[WhiteElo "2451"]
[BlackElo "2357"]
[TimeControl "180+1"]
[EndTime "16:02:57 PDT"]
[Termination "Tol_Tol won by resignation"]

1. a3 Nf6 2. b3 g6 3. c3 Bg7 4. d3 O-O 5. e3 d6 6. f3 e5 7. g3 a5 8. h3 d5 9. Bb2 c5 10. Nd2 Qc7 11. Ne2 Nc6 12. Qc2 Re8 13. h4 b5 14. Bg2 a4 15. O-O axb3 16. Nxb3 c4 17. Nc5 Na5 18. d4 exd4 19. exd4 Bf5 20. Qd2 Bf8 21. Rae1 Bxc5 22. dxc5 Bd3 23. Nd4 Bxf1 24. Rxf1 Qxc5 25. Qg5 Ra6 26. Kh2 Nb3 27. Nxb3 cxb3 28.
c4 bxc4 29. Bxf6 Rxf6 30. Qxf6 c3 31. h5 c2 32. h6 Qf8 33. Qc3 Qxh6+ 34. Kg1 Qe3+ 0-1